 Dungeon Crawl Stone Soup version 0.28.0-1-gb440e238dd (webtiles) character file.

Game seed: 17178055988630447128

66 RascalDebosk the Firebug (level 3, -12/28 HPs)
             Began as a Draconian Fire Elementalist on Feb 19, 2022.
             Killed by nerve-wracking pain
             ... invoked by Grinder
              (14 damage)
             ... while paralysed by Grinder
             ... on level 3 of the Dungeon.
             The game lasted 00:34:49 (2636 turns).

RascalDebosk the Firebug (DrFE)                     Turns: 2636, Time: 00:34:50

Health: -12/28     AC:  5    Str: 10    XL:     3   Next: 96%
Magic:  0/6        EV:  2    Int: 17    God:
Gold:   64         SH:  0    Dex: 11    Spells: 4/7 levels left

rFire   . . .      SeeInvis .   (no weapon)
rCold   . . .      Faith    .   (no shield)
rNeg    . . .      Spirit   .   (armour unavailable)
rPois   .          Reflect  .   (helmet restricted)
rElec   .          Harm     .   (no cloak)
rCorr   .          Rampage  .   (no gloves)
Will    .....                   (no boots)
Stlth   ++........              (no amulet)
HPRegen 0.09/turn               (no ring)
MPRegen 0.10/turn               (no ring)

@: paralysed
A: AC +5, unfitting armour, cold-blooded
a: no special abilities


You were on level 3 of the Dungeon.
You visited 1 branch of the dungeon, and saw 3 of its levels.

You collected 64 gold pieces.

Inventory:

Hand Weapons
 d - a +0 mace
Potions
 a - 2 potions of magic {unknown}
 b - a potion of flight {unknown}
 c - a potion of mutation {unknown}
 e - a potion of lignification {unknown}


   Skills:
 + Level 1.1 Fighting
 + Level 2.1 Dodging
 + Level 2.1 Stealth
 * Level 2.5 Spellcasting
 * Level 1.7 Conjurations
 * Level 3.5 Fire Magic


You had 4 spell levels left.
You knew the following spells:

 Your Spells              Type           Power      Damage    Failure   Level
a - Foxfire               Conj/Fire      44%        2x1d6     6%          1
b - Scorch                Fire           28%        2d6       7%          2

Your spell library contained the following spells:

 Spells                   Type           Power      Damage    Failure   Level
 Conjure Flame            Conj/Fire      11%        6-21      19%         3
 Inner Flame              Hex/Fire       8%         N/A       26%         3
 Ensorcelled Hibernation  Hex/Ice        4%         N/A       28%         2
 Portal Projectile        Hex/Tloc       4%         N/A       50%         3
 Spider Form              Tmut/Pois      2%         N/A       50%         3
 Flame Wave               Conj/Fire      11%        2d5       52%         4
 Anguish                  Hex/Necr       1%         N/A       88%         4
 Blade Hands              Tmut           1%         N/A       99%         5
 Excruciating Wounds      Necr           1%         N/A       99%         5


Dungeon Overview and Level Annotations

Branches:
Dungeon (3/15)

Altars:
Ru

Annotations:
D:3 Grinder


Innate Abilities, Weirdness & Mutations

Your plain brown scales are hard. (AC +5)
You cannot fit into any form of body armour.
You are cold-blooded and may be slowed by cold attacks.


Message History

Grinder hits you!
You writhe in agony.
Casting: Foxfire (safe; 6% risk of failure)
Press: ? - help, Q - select action, (/) - cycle Dir - look around, f - activate You conjure some foxfire!
Grinder gestures at you. You resist with significant effort.
Casting: Foxfire (safe; 6% risk of failure)
Press: ? - help, Q - select action, (/) - cycle Dir - look around, f - activate You conjure some foxfire!
The foxfire hits Grinder.
Grinder is burned terribly!
Grinder is heavily wounded.
The foxfire hits Grinder.
Grinder is burned terribly!
Grinder is severely wounded.
Grinder hits you!
You writhe in agony.
* * * LOW HITPOINT WARNING * * *
The foxfire hits Grinder but does no damage.
Grinder is severely wounded.
The foxfire hits Grinder but does no damage.
Grinder is severely wounded.
Grinder closely misses you.
Grinder is no longer more vulnerable to fire.
Grinder blinks!
Your magical contamination has completely faded away.
Casting: Foxfire (safe; 6% risk of failure)
Press: ? - help, Q - select action, (/) - cycle Dir - look around, f - activate You conjure some foxfire!
The foxfire hits Grinder.
Grinder is severely wounded.
The foxfire hits Grinder but does no damage.
Grinder is severely wounded.
Grinder gestures at you.
You suddenly lose the ability to move!
Grinder hits you.
* * * LOW HITPOINT WARNING * * *
You writhe in agony.
* * * LOW HITPOINT WARNING * * *
Grinder gestures at you. Pain shoots through your body!
Ouch! That really hurt!
You die...

.# #.# ..# #
##.##)#
##...#.#
##......#
####.......#
#..@5......#
#.##.......#
#.##.......##
#.....<....(#
####....?...#
..........#.#
..........##
# ...######.#
##. #.#


You could see Grinder.

Vanquished Creatures
  2 adders (D:2)
  2 worms (D:2)
  2 dart slugs (D:2)
  2 ball pythons (D:2)
  5 endoplasms
  2 giant cockroaches
  5 goblins
  A hobgoblin (D:1)
  A jackal (D:2)
  4 kobolds
  2 quokkas (D:2)
  3 bats (D:2)
  2 frilled lizards (D:2)
  3 rats
36 creatures vanquished.

Vanquished Creatures (others)
  111 foxfires
  A plant (D:3)
112 creatures vanquished.

Grand Total: 148 creatures vanquished

Notes
Turn   | Place    | Note
-------+----------+-------------------------------------------
     0 | D:1      | RascalDebosk the Draconian Fire Elementalist began the
                  | quest for the Orb.
     0 | D:1      | Reached XP level 1. HP: 14/14 MP: 3/3
   297 | D:1      | Reached XP level 2. HP: 20/20 MP: 0/5
   697 | D:1      | Found a faded altar of an unknown god.
  1691 | D:2      | Reached XP level 3. HP: 27/27 MP: 4/6
  1695 | D:2      | Learned a level 2 spell: Scorch
  2117 | D:2      | Reached skill level 1 in Fighting
  2131 | D:2      | Found a sacrificial altar of Ru.
  2619 | D:3      | Noticed Grinder
  2634 | D:3      | Paralysed by Grinder for 5 turns
  2636 | D:3      | Killed from afar by Grinder

Illustrated notes

Levels and vault maps discovered:
D:1:      lemuel_arrival_hallway, layout_basic,
          hellmonk_ecumenical_altar_zigzags
D:2:      wad_crossroads, layout_basic, basic_altar,
          minmay_misc_feat_secret_circle
D:3:      minmay_spotlight, layout_loops_ring, serial_bayou_pond_c,
          minmay_lizard_king, uniq_grinder, uniq_crazy_yiuf_cottage, uniq_robin

Skill      XL: |  1  2  3 |
---------------+----------+-----
Dodging        | 2 |  2.1
Stealth        | 2 |  2.1
Fighting       | 1 |  1.1
Spellcasting   | |  2.5
Conjurations   | |  1.7
Fire Magic     | |  3.5

Action                   || total
-------------------------++-------
Melee: Unarmed           ||    28
       Tailslap          ||     2
 Cast: Foxfire           ||    74
       Scorch            ||     1
 Stab: Sleeping          ||     1
Armor: Skin              ||    23
Dodge: Dodged            ||    37
